 Dungeon Crawl Stone Soup version 0.28.0-49-g6dfe1f597d (webtiles) character file.

Game seed: 13559660924200953539

287 H0rd4k the Charlatan (level 6, -4/46 HPs)
             Began as a Human Artificer on May 18, 2022.
             Slain by Duvessa
             ... wielding a +0 short sword
              (11 damage)
             ... on level 5 of the Dungeon.
             The game lasted 00:04:37 (5192 turns).

H0rd4k the Charlatan (Human Artificer)              Turns: 5192, Time: 00:04:38

Health: -4/46      AC:  3    Str: 12    XL:     6   Next: 56%
Magic:  6/6        EV: 12    Int: 13    God:
Gold:   226        SH:  5    Dex: 14    Spells: 5/5 levels left

rFire   + . .      SeeInvis .   a - +0 club
rCold   + . .      Faith    .   (no shield)
rNeg    . . .      Spirit   .   b - +0 leather armour
rPois   .          Reflect  +   (no helmet)
rElec   .          Harm     .   s - scarf {rC+ rF+}
rCorr   .          Rampage  .   (no gloves)
Will    .....                   (no boots)
Stlth   ++........              r - amulet of reflection
HPRegen 0.15/turn               (no ring)
MPRegen 0.10/turn               (no ring)

@: no status effects
A: no striking features
a: no special abilities


You were on level 5 of the Dungeon.
You visited 1 branch of the dungeon, and saw 5 of its levels.

You collected 226 gold pieces.

Inventory:

Hand Weapons
 a - a +0 club (weapon)
Missiles
 t - 5 poisoned darts
Armour
 b - a +0 leather armour (worn)
 s - a scarf of resistance (worn)
Magical Staves
 p - a staff of death
Jewellery
 r - an amulet of reflection (around neck)
Wands
 d - a wand of charming (3)
Scrolls
 f - a scroll of silence {unknown}
 g - a scroll of brand weapon {unknown}
 h - a scroll of identify {unknown}
 i - a scroll of teleportation {unknown}
 j - 2 scrolls of blinking {unknown}
 k - 3 scrolls of noise {unknown}
 l - a scroll of amnesia {unknown}
 q - a scroll of summoning {unknown}
Potions
 m - a potion of lignification {unknown}
 n - 3 potions of flight
 o - a potion of curing {unknown}
Miscellaneous
 e - a piece from Xom's chessboard (13/15)


   Skills:
 + Level 2.5 Fighting
 + Level 2.9 Maces & Flails
 + Level 2.9 Armour
 + Level 2.5 Dodging
 + Level 1.5 Stealth
 + Level 0.1 Shields
 + Level 4.1 Evocations


You had 5 spell levels left.
You didn't know any spells.
Your spell library contained the following spells:

 Spells                   Type           Power      Damage    Failure   Level
 Sublimation of Blood     Necr           0%         N/A       52%         2
 Wereblood                Tmut           0%         N/A       52%         2
 Conjure Flame            Conj/Fire      0%         6-21      75%         3
 Ignite Poison            Fire/Tmut/Pois 0%         N/A       75%         3
 Sticky Flame             Conj/Fire      0%         2d3       98%         4
 Summon Hydra             Summ           0%         N/A       100%        7


Dungeon Overview and Level Annotations

Branches:
Dungeon (5/15)
 Temple: D:4-7

Altars:
Sif Muna

Shops:
D:3 [

Annotations:
D:3 Jessica
D:4 exclusion: necrophage
D:5 Duvessa


Message History

Aim: Dowan, wielding a +0 dagger and wearing a +0 robe (asleep, chance to affect: 59%) Dowan shouts!
Dowan is charmed.
Duvessa shouts!
What are your orders? t - Shout!
Orders for allies: a - Attack new target. p - Attack previous target. r - Retreat! s - Stop attacking. g - Guard the area. f - Follow me.
Anything else - Cancel.
Guard this area!
You hear a distant scream of rage.
Duvessa goes berserk!
Duvessa rages.
Aiming: Charm
Press: ? - help, Shift-Dir - straight line, f - Duvessa
Aim: Duvessa, wielding a +0 short sword and wearing a +1 ring mail of willpower (heavily wounded, berserk, chance to affect: 13%) Duvessa resists with almost no effort.
Okay, then.
Unknown command.
Aiming: Throw Flame
Press: ? - help, Shift-Dir - straight line, f/p - Duvessa
Aim: Duvessa, wielding a +0 short sword and wearing a +1 ring mail of willpower (heavily wounded, berserk, 79% to hit)
The puff of flame hits Duvessa!
Duvessa is heavily wounded.
Duvessa hits you with a +0 short sword!
Aiming: Throw Flame
Press: ? - help, Shift-Dir - straight line, f/p - Duvessa
Aim: Duvessa, wielding a +0 short sword and wearing a +1 ring mail of willpower (heavily wounded, berserk, 79% to hit)
The puff of flame misses Duvessa.
The now-empty wand crumbles to dust.
Duvessa hits you with a +0 short sword! You block Duvessa's attack.
You make a move on Xom's chessboard...
Duvessa resists with almost no effort.
You block Duvessa's attack.
Unknown command.
Unknown command.
Duvessa hits you with a +0 short sword!
* * * LOW HITPOINT WARNING * * *
You make a move on Xom's chessboard...
Duvessa resists with almost no effort.
Duvessa hits you with a +0 short sword!
You die...

.......# #...?..ee...
######.####..#.######
#..>..##...........
###...........(.###
###.###..###.##
#.#........#
#.####.....# #.#
####e## #.# #@# #.#
#.# #.# #.#
#.#######.#
#.........#
###########


You could see Duvessa (berserk).

Vanquished Creatures
  Sigmund (D:4)
  A hound zombie (D:5)
  5 adders
  A worm (D:3)
  2 dart slugs
  An orc (D:5)
  5 endoplasms
  3 giant cockroaches
  7 goblins
  4 hobgoblins
  2 jackals (D:1)
  2 quokkas
  7 ball pythons
  6 bats
  2 frilled lizards
  4 kobolds
  5 rats
58 creatures vanquished.

Vanquished Creatures (collateral kills)
  2 hobgoblins (D:4)
  2 jackals (D:1)
4 creatures vanquished.

Vanquished Creatures (others)
  Dowan (D:5)
  A gnoll (D:4)
  A hobgoblin (D:4)
3 creatures vanquished.

Grand Total: 65 creatures vanquished

Notes
Turn   | Place    | Note
-------+----------+-------------------------------------------
     0 | D:1      | H0rd4k the Human Artificer began the quest for the Orb.
     0 | D:1      | Reached XP level 1. HP: 15/15 MP: 1/1
   224 | D:1      | Found a faded altar of an unknown god.
   247 | D:1      | Reached XP level 2. HP: 19/21 MP: 2/2
  1103 | D:2      | Reached skill level 1 in Maces & Flails
  1103 | D:2      | Reached XP level 3. HP: 24/26 MP: 3/3
  2728 | D:1      | Reached XP level 4. HP: 33/33 MP: 4/4
  3530 | D:3      | Noticed Jessica
  3784 | D:3      | Found Ullosieju's Armour Emporium.
  4003 | D:4      | Noticed a necrophage
  4355 | D:4      | Noticed Sigmund
  4417 | D:5      | Entered Level 5 of the Dungeon
  4540 | D:5      | Noticed a sky beast
  4558 | D:5      | Reached XP level 5. HP: 38/38 MP: 5/5
  4935 | D:4      | Killed Sigmund
  4936 | D:4      | Reached skill level 4 in Evocations
  4936 | D:4      | Reached XP level 6. HP: 42/46 MP: 6/6
  5041 | D:4      | Found Dumihaj's Antique Armour Boutique.
  5102 | D:4      | Found a shimmering blue altar of Sif Muna.
  5156 | D:5      | Noticed Duvessa
  5156 | D:5      | Noticed Dowan
  5165 | D:5      | Your ally Dowan died
  5192 | D:5      | Slain by Duvessa

Illustrated notes

Levels and vault maps discovered:
D:1:      dpeg_arrival_round_a, layout_basic, shapermc_ecumenical_altar_petra
D:2:      layout_basic, roderic_malta_cross, grunt_ministairs_8,
          kennysheep_generic_room_5
D:3:      layout_loops_ring, serial_shops, shop, uniq_jessica
D:4:      layout_rooms, lemuel_blue_sif_altar, serial_shops,
          kennysheep_mini_moat, sigmund_army
D:5:      layout_basic, ashenzari_altar_1, tso_metal_star,
          lemuel_temple_firewalk_b, uniq_duvessa

Skill      XL: |  1  2  3  4  5 |
---------------+----------------+-----
Maces & Flails | 1 2 |  2.9
Fighting       | 2 |  2.5
Dodging        | 2 |  2.5
Evocations     | 4 |  4.1
Armour         | |  2.9
Stealth        | |  1.5
Shields        | |  0.1

Action                   |  1- 3 |  4- 6 || total
-------------------------+-------+-------++-------
Melee: Club              |   174 |   131 ||   305
       Punch             |     1 |     5 ||     6
Evoke: Wand              |     3 |    24 ||    27
       Piece from Xom's  |       |     4 ||     4
  Use: Potion            |       |     2 ||     2
 Stab: Sleeping          |     4 |       ||     4
Armor: Leather armour    |    61 |    56 ||   117
Dodge: Dodged            |   157 |    90 ||   247
Block: Other             |       |     9 ||     9
